 Dungeon Crawl Stone Soup version 0.30-a0-782-ge64f9170bb (webtiles) character file.

Game seed: 7295901330739385906

100 Crownlay the Ruffian (level 4, -3/45 HPs)
             Began as a Troll Fighter on Mar 5, 2023.
             Splashed by a jelly's acid (6 damage)
             ... on level 2 of the Dungeon.
             The game lasted 00:02:43 (1759 turns).

Crownlay the Ruffian (Troll Fighter)                Turns: 1759, Time: 00:02:43

Health: -3/45      AC:  0    Str: 24    XL:     4   Next: 46%
Magic:  3/3        EV:  9    Int:  6    God:
Gold:   159        SH:  9    Dex: 15    Spells: 3/3 levels left

rFire   . . .      SeeInvis .      - Unarmed
rCold   . . .      Faith    .    b - +0 kite shield
rNeg    . . .      Spirit   .    a - +0 robe
rPois   .          Reflect  .    (helmet restricted)
rElec   .          Harm     .    q - scarf {repulsion}
rCorr   .          Rampage  .    (gloves unavailable)
Will    +....                    (boots unavailable)
Stlth   +                        (no amulet)
HPRegen 1.07/turn                n - ring of willpower
MPRegen 0.08/turn                r - +6 ring of dexterity

@: corroded, repel missiles
A: large, unfitting armour, claws 3, regeneration 1, shaggy fur 1, tough skin 1
a: no special abilities


You were on level 2 of the Dungeon.
You visited 1 branch of the dungeon, and saw 2 of its levels.

You collected 159 gold pieces.

Inventory:

Missiles
 h - a throwing net (quivered)
Armour
 a - a +0 robe (worn)
 b - a +0 kite shield (worn)
 q - a scarf of repulsion (worn)
Jewellery
 n - a ring of willpower (left claw)
 r - a +6 ring of dexterity (right claw)
Scrolls
 d - a scroll of vulnerability {unknown}
 f - 2 scrolls of identify {unknown}
 g - a scroll of enchant weapon {unknown}
 i - a scroll of butterflies {unknown}
 j - 2 scrolls of amnesia {unknown}
 o - a scroll of fear {unknown}
 s - a scroll of magic mapping {unknown}
Potions
 c - 2 potions of might
 e - a potion of flight {unknown}
 k - a potion of magic {unknown}
 l - a potion of curing {unknown}
 m - a potion of heal wounds {unknown}
 p - a potion of lignification {unknown}


   Skills:
 + Level 3.0 Fighting
 - Level 2.4 Dodging
 + Level 3.3 Shields
 * Level 3.6 Unarmed Combat


You had 3 spell levels left.
You didn't know any spells.
Your spell library contained the following spells:

 Spells                   Type           Power      Damage    Failure   Level
 Yara's Violent Unravell  Hex/Tmut       0%         3d3       100%        5
 Enfeeble                 Hex            0%         N/A       100%        7


Dungeon Overview and Level Annotations

Branches:
Dungeon (2/15)

Altars:

Shops:
D:1 !


Innate Abilities, Weirdness & Mutations

You are too large for most types of armour.
You have claws for hands.
Your natural rate of healing is unusually fast.
You are covered in fur. (AC +1)
You have tough skin. (AC +1)


Message History

The jelly is heavily wounded.
The endoplasm quivers.
The endoplasm hits the fungus.
The fungus begins to die.
The jelly hits you.
You are splashed with acid!
The jelly jiggles.
The endoplasm quivers.
You are too injured to fight recklessly!
You are too injured to fight recklessly!
You are too injured to fight recklessly!
You are too injured to fight recklessly!
You are too injured to fight recklessly!
You are too injured to fight recklessly!
The endoplasm hits the fungus.
The jelly attacks as you move away! The jelly hits you. The acid corrodes you!
You are splashed with acid!
* * * LOW HITPOINT WARNING * * *
The jelly jiggles.
You barely miss the jelly.
The jelly is heavily wounded.
You block the jelly's attack.
You claw the jelly!
You kill the jelly!
Your Fighting skill increases to level 3!
You scratch the endoplasm.
The endoplasm is moderately wounded.
The endoplasm hits you.
You claw the endoplasm!
You kill the endoplasm!
You see here a +0 whip.
You see here a +0 whip.
You claw the jelly!
Your claws burn!
The jelly is severely wounded.
You block the jelly's attack. The jelly hits you.
You are splashed with acid!
* * * LOW HITPOINT WARNING * * *
You scratch the jelly.
Your claws burn!
* * * LOW HITPOINT WARNING * * *
The jelly is almost dead.
The jelly hits you.
* * * LOW HITPOINT WARNING * * *
You are splashed with acid.
You die...

#.# #...# #... #.# #####
#.#. #.# ####### #.#. #.#
#..J.÷÷########## #)#. #.#
#P...P.J##......######)#.
#.#
#..÷J..#J#.......##.##.#.
#.###
#.P..J.#J#.......)'....##
#...#
#.J.JJJ#J#........'..###
###.# #.PP...#@#'#......'.##
# ##.##
#......#.#.#.....##.# #
#...####P.PJ.P#.#.#....#####
# ##.#...##"...÷.##.#######
# .'...### ### ###### #
.##.## ### #....# # .##.#
#.# ###..# # .##.# #.# #..#
# P##.# #.#######..# #


You could see 2 jellies and 2 endoplasms.

Vanquished Creatures
  A jelly (D:2)
  2 adders (D:2)
  2 dart slugs (D:1)
  2 bats (D:1)
  8 endoplasms
  2 giant cockroaches
  3 goblins
  3 hobgoblins (D:2)
  3 jackals (D:1)
  12 kobolds (D:2)
  A quokka (D:2)
  5 ball pythons
  2 rats (D:1)
46 creatures vanquished.

Vanquished Creatures (others)
  2 fungi (D:2)
  8 toadstools (D:2)
10 creatures vanquished.

Grand Total: 56 creatures vanquished

Notes
Turn   | Place    | Note
-------+----------+-------------------------------------------
     0 | D:1      | Crownlay the Troll Fighter began the quest for the Orb.
     0 | D:1      | Reached XP level 1. HP: 22/22 MP: 0/0
    92 | D:1      | Found Quybetyk's Distillery.
   291 | D:1      | Reached XP level 2. HP: 29/29 MP: 1/1
   851 | D:2      | Reached XP level 3. HP: 36/36 MP: 2/2
  1430 | D:2      | Found a faded altar of an unknown god.
  1713 | D:2      | Reached XP level 4. HP: 44/44 MP: 3/3
  1759 | D:2      | Splashed by a jelly's acid

Illustrated notes

Levels and vault maps discovered:
D:1:      elethiomel_arrival_maze, layout_loops_ring, serial_shops,
          nicolae_shop_hallway_plus, minmay_fountain_box
D:2:      cheibrodos_fertilizer, layout_loops_ring,
          shapermc_ecumenical_altar_ellora

Skill      XL: |  1  2  3  4 |
---------------+-------------+-----
Shields        | 3 |  3.3
Unarmed Combat | 3 |  3.6
Fighting       | 3 |  3.0
Dodging        | |  2.4

Action                     |  1- 3 |  4- 6 || total
---------------------------+-------+-------++-------
  Melee: Unarmed           |   101 |    14 ||   115
 Armour: Robe              |    23 |       ||    23
  Dodge: Dodged            |    25 |     1 ||    26
  Block: Kite shield       |    38 |     3 ||    41

Table legend: (Time is in decaauts)
 A = Elapsed time spent in this place.
 B = Non-inter-level travel time spent in this place.
 C = Inter-level travel time spent in this place.
 D = Time resting spent in this place.
 E = Time spent auto-exploring this place.
 F = Levels seen in this place.
 G = Mean time per level.
                   A        B        C        D        E       F      G
               +--------+--------+--------+--------+--------+-----+--------+
         Total |   1767 |   1722 |     45 |      0 |   1434 |   2 |  883.5 |
       Dungeon |   1767 |   1722 |     45 |      0 |   1434 |   2 |  883.5 |
               +--------+--------+--------+--------+--------+-----+--------+

Top non-repeatable levels by time:
     D:2: 946 daAuts
     D:1: 821 daAuts
